AoeStats
← [GUTZI] Imperatore

Glade

510802945Analyzed
1v1 RM · 10h ago on Oct 2, 2026· 40m 2s· 2 players
Game mode
Random Map
Map size
Tiny (2 player)
Population
200
Speed
Normal
Resources
Standard
Victory
Conquest
Starting age
Dark Age
Ending age
Imperial Age
RankedLock teamsTeams togetherTeam positionsShared explorationLock speedFull tech treeHidden civsTurbo modeCheats
Victory
Defeat
🇨🇭 Byzantines · Switzerland
979
+21
🇫🇷 Mongols · France
969
-16
Tangtang
5:41 Loom
10:45 Feudal Age
13:03 Wheelbarrow
15:00 Scale Barding Armor
15:06 Forging
20:47 Castle Age
19:00 Horse Collar
19:36 Double-Bit Axe
19:58 Fletching
21:18 Bloodlines
21:52 Bodkin Arrow
28:03 Husbandry
28:32 Chain Barding Armor
30:32 Stone Mining
30:57 Bow Saw
30:49 Heavy Plow
31:06 Hand Cart
30:37 Town Watch
31:10 Hand Cart
30:49 Gold Mining
32:56 Gold Shaft Mining
32:59 Stone Shaft Mining
38:06 Imperial Age
36:48 Ballistics
39:45 Iron Casting
39:24 Bracer
38:54 Elite Skirmisher
39:42 Thumb Ring
[GUTZI] Imperatore
7:34 Loom
10:36 Feudal Age
15:28 Castle Age
13:39 Double-Bit Axe
13:47 Horse Collar
15:37 Scale Mail Armor
20:55 Fletching
22:10 Wheelbarrow
24:25 Husbandry
24:50 Stone Mining
25:15 Bodkin Arrow
25:31 Elite Skirmisher
27:05 Scale Barding Armor
27:28 Forging
30:49 Hand Cart
34:46 Imperial Age
33:02 Ballistics
33:17 Bow Saw
33:10 Heavy Plow
33:43 Chain Barding Armor
33:58 Iron Casting
33:59 Gold Mining
34:45 Stone Shaft Mining
35:21 Gold Shaft Mining
36:16 Conscription
36:27 Bracer
37:02 Plate Barding Armor
37:32 Chemistry
36:29 Murder Holes
37:12 Heavy Camel Rider
39:20 Padded Archer Armor
39:58 Thumb Ring
39:35 Elite Cataphract
Connection lost

Rejoining the realm…

Still unreachable

The connection could not be restored.

Session expired

The server has moved on; the page needs a fresh start.